Zazza, neutral female human Tourist # ----- ----- --------################## |...| ####...>.#######|....<.| ---------###########....| # |...| #|..(...|########+.......|# ---.- |..$.####f@#|......| |.......+# # -------- -.--- #.......+# |.......|# ### |......| # # #--------### |.......|# # |.......# ### #################+.......|# # |......|# # ### |.......|### # --------# ## # ---------########## # # ### ------.-- ############## ###-.--.--.-- # |.......| #.........| ### |.......| |........| # |.......| |........| ##........| ##########+........| |........########################### ---------- --------- # Zazza the Sightseer Experience level: 3 Strength: 14 Dexterity: 10 Constitution: 15 Intelligence: 11 Wisdom: 7 Charisma: 18 Health: 0(27) Energy: 7(7) Def: 0 Gold: 0 Moves: 1038 Dungeon seed: cYE0px69qKCdk25C Game ID: Zazza_1619421584 Your Inventory: Weapons a - 35 +2 darts (in quiver) o - a +0 orcish dagger Armor e - an uncursed +0 Hawaiian shirt (being worn) N - a blessed +3 pair of gauntlets of power Comestibles b - an uncursed egg d - 3 uncursed tripe rations f - an uncursed sprig of wolfsbane g - 5 uncursed food rations u - 2 uncursed slime molds A - 3 uncursed food rations Scrolls i - an uncursed scroll of magic mapping n - an uncursed scroll of confuse monster Potions h - 2 uncursed potions of extra healing l - an uncursed potion of speed K - a cursed potion of paralysis Tools j - an expensive camera (0:58) k - an uncursed credit card s - an uncursed magic whistle t - an uncursed towel J - an uncursed credit card Gems q - 2 uncursed amethyst stones Spells and supernatural/magical abilities: Name Level Category Fail Memory W - pray for help -- divine ? -- Your skills at the end: Fighting Skills Weapon Skills dart [Basic] Spellcasting Skills Final Attributes: You were stridently aligned. You were lucky. You are dead. Vanquished creatures: a shrieker a kitten an iguana 2 coyotes a brown mold 2 geckos a jackal a kobold a goblin 4 lichens a newt 16 creatures vanquished. Voluntary challenges: You used a wielded weapon 18 times, starting on turn 456. You read items or engraved 7 times, starting on turn 191. You never genocided any monsters. You never polymorphed an object. You never changed form. You used no wishes. You never split a pudding. You wrote Elbereth's name 1 time, starting on turn 191. You never violated your personal moral code. Dungeon overview: The Dungeons of Doom: levels 1 to 5 Level 1 a long staircase Level 2 a general store, a fountain stairs to The Gnomish Mines Level 3 Level 4 a general store, a fountain Level 5 <- You were here The Gnomish Mines: Level 3 stairs to The Dungeons of Doom History has recorded: On T:1 you entered the Dungeons of Doom to retrieve the Amulet of Yendor! On T:121 you reached level 2 of The Dungeons of Doom. On T:197 you reached level 3 of The Dungeons of Doom. On T:368 you advanced to experience level 2. On T:571 you reached level 1 of The Gnomish Mines. On T:779 you advanced to experience level 3. On T:812 you reached level 4 of The Dungeons of Doom. On T:1010 you reached level 5 of The Dungeons of Doom. Score breakdown: Gold: 0 ( 0 points) Experience: 3 levels ( 7878 points) Exploration: 5 levels ( 9.80%) ( 8485 points) Discoveries: 6 items ( 2.01%) ( 4256 points) Valuables value: (no points given unless you survive) Artifact value: 0 ( 0 points) Variety of kills: 11 monsters ( 2.89%) ( 5097 points) Turncount: 1038 turns ( 0 points) Survival: died (score multiplied by 80%) Total score: 20572 Latest messages: Hmmm, it seems to be locked. You succeed in picking the lock. You hit the gecko. The gecko bites! You hit the gecko. You kill the gecko! You see here a chest. You carefully open the chest... The iguana bites! You miss the iguana. You hit the iguana. The iguana bites! You hit the iguana. You miss the iguana. The iguana bites! You hit the iguana. (2x) The iguana bites! You kill the iguana! The kitten bites! (2x) You die... Final status: Aloha Zazza the Tourist, killed by a kitten... You died in The Dungeons of Doom on dungeon level 5 with 20572 points, and 0 pieces of gold, after 1038 moves. You were level 3 with a maximum of 27 hit points when you died.